 Dungeon Crawl Stone Soup version 0.19-a0-1384-gbb462ca (webtiles) character file.

34 mopl the Gusty (level 3, -2/24 HPs)
             Began as a Demonspawn Air Elementalist on Sept 3, 2016.
             Slain by a worm (8 damage)
             ... on level 2 of the Dungeon.
             The game lasted 00:03:45 (1502 turns).

mopl the Gusty (Demonspawn Air Elementalist)        Turns: 1502, Time: 00:03:45

Health: -2/24      AC:  5    Str:  8    XL:     3   Next: 14%
Magic:  0/6        EV: 11    Int: 13    God:
Gold:   73         SH:  3    Dex: 14    Spells: 3 memorised, 1 level left

rFire  . . .     SeeInvis .     e - +0 whip
rCold  . . .     Gourm    .     a - +0 robe
rNeg   . . .     Faith    .     v - +0 buckler
rPois  .         Spirit   +     (no helmet)
rElec  .         Dismiss  .     (no cloak)
rCorr  .         Reflect  .     j - +0 pair of gloves
MR     .....     Harm     .     (no boots)
Stlth  ++........               d - amulet of guardian spirit
                                (no ring)
                                q - -3 ring of intelligence (curse)

@: repel missiles
A: hooves 1, yellow scales 1
a: no special abilities


You were on level 2 of the Dungeon.
You were hungry.

You visited 1 branch of the dungeon, and saw 2 of its levels.

You collected 73 gold pieces.

Inventory:

Hand Weapons
 e - a +0 whip (weapon)
Missiles
 h - 18 poisoned needles
Armour
 a - a +0 robe (worn)
 j - a +0 pair of gloves (worn)
 v - a +0 buckler (worn)
Jewellery
 d - an amulet of guardian spirit (around neck)
 q - a cursed -3 ring of intelligence (left hand)
Scrolls
 g - a scroll of magic mapping {unknown}
 n - a scroll of teleportation {unknown}
 s - a scroll of remove curse {unknown}
 t - a scroll of noise {unknown}
 w - a scroll of random uselessness {unknown}
Potions
 f - a potion of cure mutation {unknown}
 k - a potion of mutation {unknown}
 l - a potion of heal wounds {unknown}
 m - a potion of flight {unknown}
 r - a potion of haste {unknown}
Books
 b - a book of Air

   Spells                             Type                      Level
   a - Shock                          Conjuration/Air              1
   b - Swiftness                      Charms/Air                   2
   c - Repel Missiles                 Charms/Air                   2
   d - Static Discharge               Conjuration/Air              3
   e - Lightning Bolt                 Conjuration/Air              5
Comestibles
 c - a bread ration
 i - 2 meat rations
 o - a chunk of flesh
 p - a slice of pizza
 u - a beef jerky


   Skills:
 - Level 1.7 Dodging
 - Level 1.7 Stealth
 - Level 2.0 Spellcasting
 - Level 1.0 Conjurations
 + Level 3.9 Air Magic


You had one spell level left.
You knew the following spells:

 Your Spells              Type           Power        Failure   Level  Hunger
a - Shock                 Conj/Air       #...         21%         1    ##.....
i - Repel Missiles        Chrm/Air       #.....       34%         2    ###....
n - Swiftness             Chrm/Air       #.......     34%         2    ###....


Dungeon Overview and Level Annotations

Branches:
Dungeon (2/15)

Altars:


Innate Abilities, Weirdness & Mutations

You have large cloven feet.
You are partially covered in yellow scales. (AC +2)


Message History

The worm is moderately wounded.
You hit the worm.
The worm is moderately wounded.
The worm bites you.
You hit the worm. You kick the worm, but do no damage.
The worm is moderately wounded.
The worm bites you.
You hit the worm.
The worm is moderately wounded.
You barely miss the worm. Your kick misses the worm.
The worm is moderately wounded.
The worm bites you.
You hit the worm.
The worm is moderately wounded.
The worm bites you!
* * * LOW HITPOINT WARNING * * *
You hit the worm.
The worm is heavily wounded.
The worm bites you!
You die...

......[###........#
.......# #........#
.......# ##.(.....#
##.....# #.......#
##.###.# #.......# ##..
..# #########
######.#########
#.#.......#########.#
######.#.#####.#@w.......#
.........##...>..#########
#.####......##.###
#.#####..#####.#
.....##..#####.#
#..............#
#.......######## ..##.##.#
#.#..##.#


You could see a worm.

Vanquished Creatures
  2 worms (D:1)
  A dart slug (D:2)
  3 goblins
  2 hobgoblins (D:1)
  A quokka (D:2)
  6 bats (D:1)
  5 giant newts
  4 kobolds (D:1)
  6 rats
30 creatures vanquished.

Notes
Turn   | Place    | Note
-------+----------+-------------------------------------------
     0 | D:1      | mopl the Demonspawn Air Elementalist began the quest for the Orb.
     0 | D:1      | Reached XP level 1. HP: 13/13 MP: 3/3
    97 | D:1      | Reached skill level 3 in Air Magic
   249 | D:1      | Gained mutation: You have large cloven feet. [demonic ancestry]
   249 | D:1      | Reached XP level 2. HP: 19/19 MP: 3/5
   253 | D:1      | Learned a level 2 spell: Repel Missiles
   257 | D:1      | Learned a level 2 spell: Swiftness
  1243 | D:2      | Gained mutation: You are partially covered in yellow scales. (AC +2) [demonic ancestry]
  1243 | D:2      | Reached XP level 3. HP: 18/24 MP: 3/6
  1502 | D:2      | Slain by a worm

Vault maps used:
D:1:      elethiomel_arrival_shortcut
D:2:      minmay_pentomino_t2, uniq_crazy_yiuf_cottage

Skill      XL: |  1 |
---------------+----+-----
Air Magic      | 3 |  3.9
Dodging        | |  1.7
Stealth        | |  1.7
Spellcasting   | |  2.0
Conjurations   | |  1.0

Action                   || total
-------------------------++-------
Melee: Whip              ||   119
       Kick              ||    19
 Cast: Shock             ||    26
       Repel Missiles    ||     1
 Stab: Sleeping          ||     5
  Eat: Chunk             ||     2
Armor: Robe              ||    26
Dodge: Dodged            ||    94
